 Dungeon Crawl Stone Soup version 0.23.0-33-g5e6c059 (webtiles) character file.

Game seed: 16521472949924052666

180 DocClef the Ducker (level 5, -2/43 HPs)
             Began as a Gnoll Gladiator on Feb 26, 2019.
             Slain by Grinder (4 damage)
             ... while paralysed by Grinder
             ... on level 3 of the Dungeon.
             The game lasted 00:02:48 (2084 turns).

DocClef the Ducker (Gnoll Gladiator)                Turns: 2084, Time: 00:02:49

Health: -2/43      AC:  7    Str: 18    XL:     5   Next: 60%
Magic:  7/7        EV:  2    Int: 10    God:
Gold:   42         SH:  0    Dex: 16    Spells: 7/7 levels left

rFire    + . .     SeeInvis .   a - +0 long sword
rCold    . . .     Gourm    .   (no shield)
rNeg     . . .     Faith    .   i - +0 scale mail {rF+}
rPois    .         Spirit   .   c - +0 helmet
rElec    .         Reflect  .   (no cloak)
rCorr    .         Harm     .   (no gloves)
MR       .....                  (no boots)
Stlth    ..........             (no amulet)
HPRegen  0.14/turn              (no ring)
MPRegen  0.10/turn              (no ring)

@: paralysed
A: distributed training, fangs 1, hooves 1, deterioration 1, evolution 1, strong
nose
a: no special abilities


You were on level 3 of the Dungeon.
You were very hungry.

You visited 1 branch of the dungeon, and saw 3 of its levels.

You collected 42 gold pieces.

Inventory:

Hand Weapons
 a - a +0 long sword (weapon)
Missiles
 d - 3 throwing nets (quivered)
Armour
 b - a +0 leather armour
 c - a +0 helmet (worn)
 i - a +0 scale mail of fire resistance (worn)
Scrolls
 e - a scroll of random uselessness {unknown}
 j - 2 scrolls of identify {unknown}
 k - 2 scrolls of fog {unknown}
 o - 2 scrolls of magic mapping {unknown}
Potions
 h - a potion of heal wounds {unknown}
 l - 2 potions of curing {unknown}
 m - a potion of lignification {unknown}
 n - 2 potions of haste {unknown}
Comestibles
 f - 7 rations


   Skills:
 + Level 4.8 Fighting
 + Level 1.5 Short Blades
 + Level 6.7 Long Blades
 + Level 1.5 Axes
 + Level 1.5 Maces & Flails
 + Level 1.5 Polearms
 + Level 1.5 Staves
 + Level 1.5 Slings
 + Level 1.5 Bows
 + Level 1.5 Crossbows
 + Level 4.8 Throwing
 + Level 1.5 Armour
 + Level 6.7 Dodging
 + Level 1.5 Stealth
 + Level 1.5 Shields
 + Level 1.5 Unarmed Combat
 + Level 1.5 Spellcasting
 + Level 1.2 Conjurations
 + Level 1.2 Hexes
 + Level 1.2 Charms
 + Level 1.2 Summonings
 + Level 1.2 Necromancy
 + Level 1.2 Translocations
 + Level 1.2 Transmutations
 + Level 1.2 Fire Magic
 + Level 1.2 Ice Magic
 + Level 1.2 Air Magic
 + Level 1.2 Earth Magic
 + Level 1.2 Poison Magic
 + Level 1.7 Invocations
 + Level 1.5 Evocations


You had 7 spell levels left.
You didn't know any spells.
Your spell library was empty.

Dungeon Overview and Level Annotations

Branches:
Dungeon (3/15)

Altars:
Cheibriados
Gozag
Makhleb
Nemelex Xobeh

Annotations:
D:3 Grinder


Innate Abilities, Weirdness & Mutations

Your experience applies equally to all skills.
You have very sharp teeth.
Your uncanny sense of smell can sniff out nearby items.
You have large cloven feet.
Your body sometimes deteriorates upon taking damage.
You evolve.


Message History

Something hits you but does no damage.
You hit something. You bite something. Something hits you but does no damage.
You miss something. Something hits you.
You hit something but do no damage. Your bite misses something.
Something hits you.
You writhe in agony.
You miss something. Something hits you but does no damage.
You closely miss something. Something hits you.
You writhe in agony.
You miss something.
Something hits you but does no damage. x2
You hit something but do no damage. Something hits you.
You writhe in agony.
You closely miss something. Something barely misses you.
You hit something. Pain shoots through your body!
* * * LOW HITPOINT WARNING * * *
It was a potion of mutation.
You feel extremely strange.
Your feet thicken and deform.
You feel yourself wasting away.
You feel nature experimenting on you.
Don't worry, failures die fast.
You suddenly lose the ability to move!
Something hits you.
* * * LOW HITPOINT WARNING * * *
You writhe in agony.
You die...

#.#######.#
#.#>.(....#
#.#.#####.# ..
#.........##
#.
#..##.###.[#
#. #.<##.#
#..# #.
#..##.# #..# #
#.
...##.###..#
######.### #.
#)<........##
#.@{.....# #.
#####.####..#
#.####.#.# #.
#.# ##.# #.#
#.#########.
#.#####.# #.#
..........(
#####.##.##.#
#.#
##########.
.....†..#...#
#.#
#.###########.
########.##.#
#.#
#.........)...
#.##.# #.#
######.######.
#.##.# #.# #.#
#.


There were no monsters in sight!

Vanquished Creatures
  Natasha (twice) (D:3)
  6 adders
  2 worms (D:2)
  3 dart slugs (D:2)
  3 leopard geckos
  An orc (D:3)
  2 giant cockroaches
  5 goblins
  6 hobgoblins
  3 jackals (D:3)
  5 kobolds
  A quokka (D:2)
  A ball python (D:3)
  10 bats
  5 frilled lizards
  9 rats
64 creatures vanquished.

Vanquished Creatures (others)
  An adder (D:3)
1 creature vanquished.

Grand Total: 65 creatures vanquished

Notes
Turn   | Place    | Note
-------+----------+-------------------------------------------
     0 | D:1      | DocClef the Gnoll Gladiator began the quest for the Orb.
     0 | D:1      | Reached XP level 1. HP: 20/20 MP: 1/1
   156 | D:1      | Reached XP level 2. HP: 23/26 MP: 2/2
   621 | D:1      | Reached XP level 3. HP: 31/31 MP: 3/3
   831 | D:2      | Reached skill level 1 in Invocations
   861 | D:2      | Reached skill level 1 in Short Blades
   861 | D:2      | Reached skill level 1 in Axes
   861 | D:2      | Reached skill level 1 in Maces & Flails
   861 | D:2      | Reached skill level 1 in Polearms
   861 | D:2      | Reached skill level 1 in Staves
   861 | D:2      | Reached skill level 1 in Slings
   861 | D:2      | Reached skill level 1 in Bows
   861 | D:2      | Reached skill level 1 in Crossbows
   861 | D:2      | Reached skill level 1 in Armour
   861 | D:2      | Reached skill level 1 in Stealth
   861 | D:2      | Reached skill level 1 in Shields
   861 | D:2      | Reached skill level 1 in Unarmed Combat
   861 | D:2      | Reached skill level 1 in Spellcasting
   861 | D:2      | Reached skill level 1 in Evocations
  1136 | D:2      | Reached XP level 4. HP: 38/38 MP: 5/5
  1157 | D:2      | Found a burning altar of Makhleb.
  1285 | D:2      | Reached skill level 1 in Conjurations
  1285 | D:2      | Reached skill level 1 in Hexes
  1285 | D:2      | Reached skill level 1 in Charms
  1285 | D:2      | Reached skill level 1 in Summonings
  1285 | D:2      | Reached skill level 1 in Necromancy
  1285 | D:2      | Reached skill level 1 in Translocations
  1285 | D:2      | Reached skill level 1 in Transmutations
  1285 | D:2      | Reached skill level 1 in Fire Magic
  1285 | D:2      | Reached skill level 1 in Ice Magic
  1285 | D:2      | Reached skill level 1 in Air Magic
  1285 | D:2      | Reached skill level 1 in Earth Magic
  1285 | D:2      | Reached skill level 1 in Poison Magic
  1309 | D:2      | Found a snail-covered altar of Cheibriados.
  1495 | D:3      | Noticed Natasha
  1500 | D:3      | Killed Natasha
  1500 | D:3      | Reached XP level 5. HP: 35/43 MP: 5/7
  1513 | D:3      | Found an opulent altar of Gozag.
  1514 | D:3      | Found a sparkling altar of Nemelex Xobeh.
  2009 | D:3      | Noticed Natasha
  2019 | D:3      | Killed Natasha
  2063 | D:3      | Noticed Grinder
  2083 | D:3      | Gained mutation: You have large cloven feet. [potion of
                  | mutation]
  2083 | D:3      | Gained mutation: Your body sometimes deteriorates upon
                  | taking damage. [potion of mutation]
  2083 | D:3      | Gained mutation: You evolve. [potion of mutation]
  2083 | D:3      | Paralysed by something for 2 turns
  2084 | D:3      | HP: 2/43 [something (6)]
  2084 | D:3      | Slain by Grinder

Skill      XL: |  1  2  3  4 |
---------------+-------------+-----
Invocations    | 1 |  1.7
Short Blades   | 1 |  1.5
Axes           | 1 |  1.5
Maces & Flails | 1 |  1.5
Polearms       | 1 |  1.5
Staves         | 1 |  1.5
Slings         | 1 |  1.5
Bows           | 1 |  1.5
Crossbows      | 1 |  1.5
Armour         | 1 |  1.5
Stealth        | 1 |  1.5
Shields        | 1 |  1.5
Unarmed Combat | 1 |  1.5
Spellcasting   | 1 |  1.5
Evocations     | 1 |  1.5
Conjurations   | 1 |  1.2
Hexes          | 1 |  1.2
Charms         | 1 |  1.2
Summonings     | 1 |  1.2
Necromancy     | 1 |  1.2
Translocations | 1 |  1.2
Transmutations | 1 |  1.2
Fire Magic     | 1 |  1.2
Ice Magic      | 1 |  1.2
Air Magic      | 1 |  1.2
Earth Magic    | 1 |  1.2
Poison Magic   | 1 |  1.2
Fighting       | |  4.8
Long Blades    | |  6.7
Throwing       | |  4.8
Dodging        | |  6.7

Action                   |  1- 3 |  4- 6 || total
-------------------------+-------+-------++-------
Melee: Long sword        |    69 |   117 ||   186
       Bite              |     9 |    18 ||    27
       Punch             |     1 |       ||     1
  Use: Potion            |       |     1 ||     1
  Eat: Chunk             |       |     3 ||     3
Armor: Leather armour    |     3 |       ||     3
       Scale mail        |    22 |    30 ||    52
Dodge: Dodged            |    73 |    60 ||   133
       Rpst.: Long sword |    25 |    20 ||    45
